AoeStats
← Soltan

Arena

504439819Analyzed
1v1 RM · 26d ago on Sep 5, 2026· 43m 1s· 2 players
Game mode
Random Map
Map size
Tiny (2 player)
Population
200
Speed
Normal
Resources
Standard
Victory
Conquest
Starting age
Dark Age
Ending age
Imperial Age
RankedLock teamsTeams togetherTeam positionsShared explorationLock speedFull tech treeHidden civsTurbo modeCheats
Victory
Defeat
🇹🇷 Italians · Türkiye
1124
+17
🇸🇰 Japanese · Slovakia
1152
-17
Soltan
10:40 Feudal Age
14:40 Castle Age
12:40 Horse Collar
16:03 Double-Bit Axe
18:16 Loom
19:30 Wheelbarrow
23:49 Heavy Plow
24:00 Bow Saw
23:42 Gold Mining
24:29 Thumb Ring
25:51 Fletching
26:01 Padded Archer Armor
29:20 Imperial Age
27:13 Bodkin Arrow
28:35 Leather Archer Armor
30:03 Ballistics
30:26 Bracer
30:52 Capped Ram
32:08 Thumb Ring
36:00 Elite Genoese Crossbowman
37:01 Silk Road
37:08 Conscription
38:04 Onager
39:32 Forging
39:22 Scale Mail Armor
42:12 Iron Casting
41:53 Chain Mail Armor
43:35 Squires
44:40 Blast Furnace
Den_mil
11:12 Feudal Age
12:31 Double-Bit Axe
14:56 Castle Age
13:01 Double-Bit Axe
14:55 Horse Collar
21:47 Heavy Plow
24:58 Wheelbarrow
29:13 Imperial Age
26:33 Loom
26:30 Man-at-Arms
27:10 Fletching
27:21 Scale Mail Armor
27:21 Gold Mining
27:48 Bow Saw
27:52 Squires
27:39 Gambesons
28:39 Masonry
28:08 Long Swordsman
30:40 Capped Ram
31:32 Two-Handed Swordsman
32:56 Bodkin Arrow
33:03 Padded Archer Armor
33:26 Ballistics
33:39 Bracer
33:53 Stone Mining
34:38 Gold Shaft Mining
34:22 Hand Cart
33:52 Town Watch
33:33 Elite Skirmisher
34:18 Thumb Ring
37:50 Leather Archer Armor
37:51 Chain Mail Armor
38:44 Forging
41:31 Chemistry
43:24 Yasama
Connection lost

Rejoining the realm…

Still unreachable

The connection could not be restored.

Session expired

The server has moved on; the page needs a fresh start.